Unix NetHack Version 3.7.0-97 Work-in-progress - last build Jan 28 2024 04:41:54 (eae211b052f4c4d875b52ed558e44d2f93f0896c,branch:master). Game began 2024-01-28 08:19:09, ended 2024-01-28 08:43:07. elenmirie, lawful female human Knight --------------- ------- |........^....| ###-.....| #....*.........| # |...>.| #|.............| # |.....| #--------------- # -----|- # ----- -------------- ## # # |`... ##|............| # # # |...| #.............|## # ) |...| #####|........<....# # # |....## -------------- --|------r |...| |.......|@ ----- +.......|@ |......%.# --------- Elenmirie the Esquire St:17 Dx:7 Co:12 In:7 Wi:16 Ch:17 Lawful Dlvl:4 $:107 HP:0(33) Pw:35(35) AC:3 Xp:4/136 T:2679 Burdened Latest messages: Arod picks up a red gem. You hear the footsteps of a guard on patrol. Arod drops a red gem. Arod picks up a red gem. Arod drops a red gem. Arod picks up a red gem. Arod drops a red gem. You hit the iguana. You miss the iguana. You hit the iguana. You miss the iguana. The iguana bites! You hit the iguana. The iguana bites! You hit the iguana. The iguana misses! You hit the iguana. You miss the iguana. You miss the iguana. You kill the iguana! You see here 10 crossbow bolts. You hear the footsteps of a guard on patrol. You miss the wererat. The wererat bites! The wererat summons help! A rabid rat suddenly appears next to you! The wererat bites! What do you want to remove? [rE or ?*] ? You were wearing a ring of stealth (on right hand). You sure are noisy. The rabid rat bites! The wererat misses! What do you want to put on? [q-su-wyzABG-JNP or ?*] ? The wererat changes into a human. A - a ring called pfsc (on right hand). The rabid rat bites! The wererat misses! You hit the wererat. The rabid rat misses! The wererat summons help! But none comes. The wererat misses! The rabid rat bites! The wererat hits! You die... Do you want your possessions identified? [ynq] (y) y Do you want to see your attributes? [ynq] (y) y Do you want an account of creatures vanquished? [ynaq] (y) y Do you want to see your conduct and achievements? [ynq] (y) y Do you want to see the dungeon overview? [ynq] (y) y Inventory: Coins $ - 107 gold pieces Weapons D - an uncursed +0 orcish dagger a - an uncursed +1 long sword (alternate weapon; not wielded) b - an uncursed +1 lance (weapon in right hand) Armor d - a blessed +0 helmet (being worn) f - an uncursed +0 pair of leather gloves (being worn) e - an uncursed +0 small shield (being worn) c - an uncursed +1 ring mail (being worn) Comestibles g - 9 uncursed apples h - 12 uncursed carrots Scrolls L - an uncursed scroll of destroy armor i - an uncursed scroll of enchant armor Q - a cursed scroll of identify R - an uncursed scroll of light Potions m - a cursed potion of confusion T - an uncursed potion of gain energy k - an uncursed potion of hallucination t - a blessed potion of monster detection S - a blessed potion of oil Rings H - an uncursed +1 ring of adornment J - an uncursed ring of free action s - a blessed +1 ring of gain constitution N - a cursed -1 ring of gain strength E - an uncursed ring of poison resistance (on left hand) G - an uncursed ring of poison resistance q - an uncursed ring of polymorph control A - an uncursed ring of protection from shape changers (on right hand) y - an uncursed ring of regeneration z - an uncursed ring of searching u - an uncursed ring of see invisible I - an uncursed ring of see invisible P - an uncursed ring of shock resistance r - an uncursed ring of stealth B - an uncursed ring of teleport control w - an uncursed ring of teleportation v - an uncursed ring of warning Wands j - an uncursed wand of cold (0:7) O - an uncursed wand of striking (0:3) Tools p - an uncursed magic whistle Gems/Stones o - 3 uncursed worthless pieces of orange glass Elenmirie the Knight's attributes: Background: You were an Esquire, a level 4 female human Knight. You were lawful, nominally on a mission for Lugh who was opposed by Brigit (neutral) and Manannan Mac Lir (chaotic). You were right-handed. You were in the Dungeons of Doom, on level 4. You entered the dungeon 2679 turns ago. You had 136 experience points, 24 more were needed to attain level 5. Basics: You had 0 out of 33 hit points. You had all 35 energy points (spell power). Your armor class was 3. Your wallet contained 107 zorkmids. Autopickup was on for '$' plus thrown. Final Characteristics: Your strength was 17 (limit:18/100). Your dexterity was 7 (peak:8, limit:18). Your constitution was 12 (limit:18). Your intelligence was 7 (limit:18). Your wisdom was 16 (limit:18). Your charisma was 17 (limit:18). Final Status: You weren't hungry. You were burdened; movement was slightly slowed. You were wielding a lance. You had basic skill with lance. Final Attributes: You were piously aligned. You were poison resistant. You were telepathic. You could jump. You were warded. You were protected from shape changers. You are dead. Miscellaneous: You never encountered a bones level. Total elapsed playing time was 23 minutes and 55 seconds. Major events: Turn 1: elenmirie the lawful female human Knight entered the dungeon 727: attained the rank of Esquire (level 3) 2333: entered the Gnomish Mines 2679: killed by a wererat Vanquished creatures: a small mimic a leprechaun a floating eye a giant bat 2 iguanas a gas spore 2 brown molds 6 geckos 6 jackals a fox 2 kobolds 2 goblins 2 sewer rats 9 grid bugs 4 lichens 4 newts 45 creatures vanquished. No species were genocided or became extinct. Voluntary challenges: You were an atheist. You were illiterate. You never engraved Elbereth. You never genocided any monsters. You never polymorphed an object. You never changed form. You used no wishes. Achievements: You entered a shop. You attained the rank of Esquire. You entered the Gnomish Mines. The Dungeons of Doom: levels 1 to 4 Level 1: A sink. Level 2: A sink. Level 3: Some fountains. Stairs down to The Gnomish Mines. Level 4: <- You were here. Final resting place for you, killed by a wererat. The Gnomish Mines: Level 4: Game over: ---------- / \ / REST \ / IN \ / PEACE \ / \ | elenmirie | | 107 Au | | killed by a | | wererat | | | | | | 2024 | *| * * * | * _________)/\\_//(\/(/\)/\//\/|_)_______ Fare thee well elenmirie the Knight... You died in The Dungeons of Doom on dungeon level 4 with 791 points, and 107 pieces of gold, after 2679 moves. You were level 4 with a maximum of 33 hit points when you died.